 Dungeon Crawl Stone Soup version 0.30.0-16-gbe6223bb7e (webtiles) character file.

Game seed: 1721202086011448431

1712 jlumianski the Chopper (level 8, -5/59 (61) HPs)
             Began as a Demonspawn Fighter on May 19, 2023.
             Was an Initiate of Qazlal.
             Slain by a wight
             ... wielding a +4 long sword
              (11 damage)
             ... on level 8 of the Dungeon on May 20, 2023.
             The game lasted 00:18:06 (4831 turns).

jlumianski the Chopper (Demonspawn Fighter)         Turns: 4831, Time: 00:18:06

HP:   -5/59 (61)    AC: 11    Str: 19    XL:     8   Next: 74%
MP:   10/10         EV:  8    Int: 16    God:    Qazlal [......]
Gold: 228           SH:  0    Dex: 18    Spells: 7/7 levels left

rFire   . . .        a - +1 war axe (freeze)
rCold   . . .        c - +0 buckler
rNeg    . . .        m - +0 chain mail
rPois   .            y - +1 helmet
rElec   .            j - scarf {+Inv}
rCorr   .            (no gloves)
SInv    .            (boots unavailable)
Will    .....        (no amulet) Stlth
                     v - +6 ring of intelligence
HPRegen 0.29/turn    E - +6 ring of dexterity
MPRegen 0.12/turn

%: no passive effects
@: confused, ambrosia-drunk, lightly drained
A: hooves 3, large bone plates 2, foul stench 1
a: Renounce Religion, Evoke Invisibility


You were on level 8 of the Dungeon.
You worshipped Qazlal.
Qazlal was noncommittal.
You visited 2 branches of the dungeon, and saw 9 of its levels.

You collected 228 gold pieces.

Inventory:

Hand Weapons
 a - a +1 war axe of freezing (weapon)
 z - a +3 mace of draining
Missiles
 f - 30 stones (quivered)
 t - 3 atropa-tipped darts
Armour
 b - a +0 scale mail
 c - a +0 buckler (worn)
 j - a scarf of invisibility (worn)
 m - a +0 chain mail (worn)
 n - +0 steam dragon scales
 u - a +0 cloak
 y - a +1 helmet (worn)
 B - the +0 leather armour of Sifantecs {Rampage rN+++ Regen+ Dex-3}
   (You found it on level 3 of the Dungeon)

   Dex:       It affects your dexterity (-3).
   rN:        It renders you almost immune to negative energy.
   Regen:     It increases your rate of health regeneration.
   Rampage:   It bestows one free step when moving towards enemies.
Magical Staves
 l - a staff of earth
Jewellery
 v - a +6 ring of intelligence (left hand)
 E - a +6 ring of dexterity (right hand)
Wands
 A - a wand of flame (17)
 D - a wand of mindburst (16)
 J - a wand of digging (3)
Scrolls
 e - 5 scrolls of teleportation
 h - a scroll of blinking
 x - a scroll of immolation
 G - a scroll of brand weapon
 K - a scroll of fear {unknown}
Potions
 d - 2 potions of might
 i - a potion of haste
 o - a potion of degeneration
 H - a potion of lignification {unknown}
 I - a potion of resistance {unknown}


   Skills:
 + Level 4.7 Fighting
 + Level 5.8 Axes
 + Level 4.7 Armour
 + Level 2.4 Dodging
 - Level 0.8 Stealth
 + Level 4.6 Shields
 * Level 3.3 Invocations
 * Level 4.3 Evocations


You had 7 spell levels left.
You didn't know any spells.
Your spell library contained the following spells:

 Spells                   Type           Power      Damage    Failure   Level
 Apportation              Tloc           0%         N/A       94%         1
 Magic Dart               Conj           0%         1d3       94%         1
 Necrotise                Necr           0%         1d4       94%         1
 Summon Small Mammal      Summ           0%         N/A       94%         1
 Call Imp                 Summ           0%         N/A       98%         2
 Dazzling Flash           Conj/Hex       0%         N/A       100%        3
 Gell's Gravitas          Tloc           0%         N/A       100%        3
 Mephitic Cloud           Conj/Pois/Air  0%         N/A       100%        3
 Teleport Other           Tloc           0%         N/A       100%        3
 Tukima's Dance           Hex            0%         N/A       100%        3
 Volatile Blastmotes      Fire/Tloc      0%         2d10      100%        3
 Iskenderun's Mystic Bla  Conj/Tloc      0%         2d3       100%        4
 Passage of Golubria      Tloc           0%         N/A       100%        4
 Alistair's Intoxication  Tmut/Pois      0%         N/A       100%        5
 Yara's Violent Unravell  Hex/Tmut       0%         3d3       100%        5
 Dispersal                Tloc           0%         N/A       100%        6
 Starburst                Conj/Fire      0%         6d3       100%        6


Dungeon Overview and Level Annotations

Branches:
Dungeon (8/15)             Temple (1/1) D:6
   Lair: D:8-11

Altars:
Dithmenos
Makhleb
Nemelex Xobeh
Qazlal
Ru
Xom


Innate Abilities, Weirdness & Mutations

You have hooves in place of feet.
You are mostly covered in large bone plates. (SH +6)
You may rarely emit foul miasma when damaged in melee.


Message History

* * * LOW HITPOINT WARNING * * *
You block the wight's attack.
You hit the wight.
You destroy the wight!
Qazlal accepts your kill.
You hit the wight but do no damage. You barely miss the wight.
The wight hits you with a +0 morningstar!
* * * LOW HITPOINT WARNING * * *
You feel drained.
* * * LOW HITPOINT WARNING * * *
You block the wight's attack.
Your life force feels restored.
The wight attacks as you move away! You block the wight's attack.
You slash the wight!
The wight is severely damaged.
You hit the wight but do no damage. You block the wight's attack.
The wight hits you with a +4 long sword.
* * * LOW HITPOINT WARNING * * *
The wight barely misses you.
You are confused.
You feel invigorated. The wight hits you but does no damage.
The wight barely misses you.
You slash the wight!
You destroy the wight!
Qazlal accepts your kill.
You slash the wight!
You hear the quick creaking of a portcullis very nearby.
The wight hits you with a +4 long sword.
* * * LOW HITPOINT WARNING * * *
You emit a cloud of foul miasma!
You hit the wight but do no damage. Your kick misses the wight.
The wight is heavily damaged.
The wight hits you with a +4 long sword!
* * * LOW HITPOINT WARNING * * *
You feel drained.
* * * LOW HITPOINT WARNING * * *
The wight completely misses you. The wight attacks as you move away!
The wight hits you with a +4 long sword!
You die...

.......##...#..#......###**,,*,,*
.#....####....###....## ****,**
.##.#..*#.........#..#* ***,**
,#..#..##.........##..#* *,,,,*
....##............#*...#****<,,,*
..***#.##.........#*...#,,,,,,,,,
,,,,..,#..........###..#,,,,,,,,*
,,#..,,#........)...##.#,,*,,,,,,
,,..,,,#........@....#,,,,*,,,,,,
,,.,,,,#...[.>.z)...##,**,,,,,,,,
,,***,,#<..##.......#,,**,,,,,,,,
,,* **,##..##...).....#,,,,***,,,
*,***,,,##.#............,*****,,,
>,,**,,,,......$........,***,,**,
,,,,,,,,,...............,,,,,,,,,
,,,,,,,,,...............,,,,*****
,,,,,,,,*#.)............,,*** *


You could see a wight.

Vanquished Creatures
  A wyvern (D:8)
  A steam dragon (D:7)
  A black bear (D:6)
  A centaur (D:6)
  2 ogres
  A phantom (D:6)
  A bullfrog (D:7)
  3 scorpions
  4 wights
  4 killer bees
  A hound (D:4)
  An orc priest (D:3)
  Jessica (D:3)
  3 iguanas
  4 orc wizards
  6 gnolls
  2 worms (D:2)
  2 dart slugs
  12 orcs
  2 ball pythons
  4 bats
  7 endoplasms
  2 giant cockroaches
  6 goblins
  8 hobgoblins
  4 jackals
  4 quokkas
  3 frilled lizards
  3 kobolds
  7 rats
101 creatures vanquished.

Notes
Turn   | Place    | Note
-------+----------+-------------------------------------------
     0 | D:1      | jlumianski the Demonspawn Fighter began the quest for the
                  | Orb.
     0 | D:1      | Reached XP level 1. HP: 18/18 MP: 1/1
     0 | D:1      | Upgraded the game from 0.30.0-15-g856e2d3f33 to
                  | 0.30.0-16-gbe6223bb7e
   201 | D:2      | Gained mutation: You have large cloven feet. [demonic
                  | ancestry]
   201 | D:2      | Reached XP level 2. HP: 24/24 MP: 2/2
   267 | D:3      | Reached skill level 2 in Axes
   347 | D:2      | Found a faded altar of an unknown god.
   458 | D:1      | Gained mutation: You are partially covered in large bone
                  | plates. (SH +4) [demonic ancestry]
   458 | D:1      | Reached XP level 3. HP: 22/29 MP: 3/3
  1431 | D:2      | Gained mutation: You may rarely emit foul miasma when
                  | damaged in melee. [demonic ancestry]
  1431 | D:2      | Reached XP level 4. HP: 15/35 MP: 4/4
  1919 | D:4      | Reached skill level 1 in Evocations
  2119 | D:4      | Noticed an ogre
  2119 | D:4      | Noticed a scorpion
  2241 | D:3      | Reached skill level 3 in Axes
  2241 | D:3      | Gained mutation: You are mostly covered in large bone
                  | plates. (SH +6) [demonic ancestry]
  2241 | D:3      | Reached XP level 5. HP: 17/41 MP: 5/5
  2246 | D:3      | Noticed Jessica
  2263 | D:3      | Killed Jessica
  2542 | D:3      | Identified the +0 leather armour of Sifantecs {Rampage
                  | rN+++ Regen+ Dex-3}
  2814 | D:5      | Entered Level 5 of the Dungeon
  2826 | D:6      | Noticed a centaur
  2832 | D:6      | Killed a centaur
  2833 | D:6      | Reached skill level 1 in Dodging
  2833 | D:6      | Gained mutation: You have hoof-like feet. [demonic
                  | ancestry]
  2833 | D:6      | Reached XP level 6. HP: 38/47 MP: 6/6
  3179 | D:4      | Reached skill level 4 in Axes
  3216 | D:4      | Gained mutation: You have hooves in place of feet. [demonic
                  | ancestry]
  3216 | D:4      | Reached XP level 7. HP: 34/53 MP: 7/7
  4042 | D:6      | Found a staircase to the Ecumenical Temple.
  4047 | Temple   | Entered the Ecumenical Temple
  4111 | Temple   | Became a worshipper of Qazlal Stormbringer
  4295 | D:6      | Reached skill level 5 in Axes
  4295 | D:6      | Reached skill level 1 in Invocations
  4325 | D:6      | Reached XP level 8. HP: 56/60 MP: 8/8
  4614 | D:7      | HP: 2/61 [killer bee (5)]
  4827 | D:8      | HP: 1/61 [wight/+4 long sword (5)]
  4831 | D:8      | Slain by a wight

Illustrated notes

Levels and vault maps discovered:
D:1:      heliophobic_arrival_ceremonial_halls, layout_basic, minmay_liquid_box,
          minmay_split_cup_large
D:2:      layout_loops_ring, ebering_ecumenical_altar_hall, due_unseen_surprise
D:3:      layout_loops_cross, uniq_jessica
D:4:      layout_basic
D:5:      layout_basic
D:6:      layout_gridville, temple_doors_e
D:7:      layout_loops_ring, patterned_corridor
D:8:      layout_cave_pools, enter_bailey_3, ebering_ghost_reflecting_pool,
          uniq_amaemon
Temple:   mainiacjoe_temple_archimedes_tessellation

Skill      XL: |  1  2  3  4  5  6  7  8 |
---------------+-------------------------+-----
Axes           | 2 3 4 5 |  5.8
Shields        | 3 4 |  4.6
Armour         | 3 4 |  4.7
Evocations     | 1 2 3 4 |  4.3
Dodging        | 1 2 |  2.4
Fighting       | 4 |  4.7
Invocations    | 1 3 |  3.3
Stealth        | |  0.8

Action                     |  1- 3 |  4- 6 |  7- 9 || total
---------------------------+-------+-------+-------++-------
  Melee: War axe           |    85 |   112 |   109 ||   306
         Kick              |    11 |    32 |    26 ||    69
  Throw: Stone             |       |     2 |       ||     2
    Use: Scroll            |       |     2 |    12 ||    14
         Potion            |       |     2 |     6 ||     8
 Armour: Scale mail        |    30 |       |       ||    30
         Chain mail        |    11 |    73 |    63 ||   147
  Dodge: Dodged            |    29 |    30 |    51 ||   110
  Block: Buckler           |    37 |    70 |    94 ||   201
